 Dungeon Crawl Stone Soup version 0.21-a0-225-g207ae17 (webtiles) character file.

258 Anemos the Vexing (level 5, 0/24 HPs)
             Began as a Spriggan Enchanter on Aug 28, 2017.
             Slain by an orc
             ... wielding a +0 falchion
              (8 damage)
             ... on level 3 of the Dungeon.
             The game lasted 00:12:16 (4496 turns).

Anemos the Vexing (Spriggan Enchanter)              Turns: 4496, Time: 00:12:16

Health: 0/24       AC:  4    Str:  4    XL:     5   Next: 94%
Magic:  1/13       EV: 15    Int: 17    God:
Gold:   160        SH:  0    Dex: 17    Spells: 5/14 levels left

rFire    . . .     SeeInvis +   a - +2 dagger
rCold    . . .     Gourm    .   (shield restricted)
rNeg     . . .     Faith    .   b - +0 robe
rPois    .         Spirit   .   g - +2 hat
rElec    .         Reflect  .   (no cloak)
rCorr    .         Harm     .   (gloves unavailable)
MR       .....                  (boots unavailable)
Stlth    +++.......             (no amulet)
HPRegen  0.08/turn              k - -3 ring of evasion (curse)
MPRegen  0.13/turn              (no ring)

@: very slightly contaminated, drained, very quick
A: unfitting armour, see invisible, herbivore 3, speed 3, slow metabolism 2
a: no special abilities


You were on level 3 of the Dungeon.
You were not hungry.

You visited 1 branch of the dungeon, and saw 3 of its levels.

You collected 160 gold pieces.

Inventory:

Hand Weapons
 a - a +2 dagger (weapon)
Armour
 b - a +0 robe (worn)
 g - a +2 hat (worn)
Jewellery
 k - a cursed -3 ring of evasion (left hand)
Scrolls
 i - a scroll of immolation {unknown}
 n - a scroll of identify {unknown}
Potions
 e - a potion of agility {unknown}
 f - a potion of mutation {unknown}
 h - a potion of invisibility {unknown}
 j - a potion of heal wounds {unknown}
 m - a potion of might {unknown}
Books
 c - a book of Maledictions

   Spells                             Type                      Level
   a - Corona                         Hexes                        1
   b - Ensorcelled Hibernation        Hexes/Ice                    2
   c - Confuse                        Hexes                        3
   d - Tukima's Dance                 Hexes                        3
   e - Dazzling Spray                 Conjuration/Hexes            3
Comestibles
 d - 2 bread rations
 l - a royal jelly


   Skills:
 - Level 1.1(0.6) Short Blades
 - Level 3.0(2.5) Dodging
 + Level 5.3(4.8) Stealth
 - Level 5.4(4.9) Spellcasting
 - Level 6.0(5.4) Hexes


You had 5 spell levels left.
You knew the following spells:

 Your Spells              Type           Power        Failure   Level  Hunger
a - Ensorcelled Hibernat  Hex/Ice        ##....       7%          2    #......
b - Corona                Hex            ###....      1%          1    None
c - Confuse               Hex            ###.....     4%          3    ###....
d - Tukima's Dance        Hex            ###.....     4%          3    ###....


Dungeon Overview and Level Annotations

Branches:
Dungeon (3/15)

Altars:
Makhleb
Sif Muna
Wu Jian


Innate Abilities, Weirdness & Mutations

You are very small and have problems with some larger weapons.
You are too small for most types of armour.
You have supernaturally acute eyesight. (SInv)
You are a herbivore.
You cover ground extremely quickly.
You need consume almost no food.


Message History

The orc stops glowing.
The orc hits you with a falchion.
You hit the orc but do no damage.
The orc is severely wounded.
The orc completely misses you.
You closely miss the orc.
The orc is severely wounded.
The orc barely misses you.
Casting: Corona
Confirm with . or Enter, or press ? or * to list all spells.
Aiming: Corona
Press: ? - help, Shift-Dir - straight line, f/p - orc
Aim: an orc, wielding a falchion and wearing a shiny chain mail (severely wounded, chance to defeat MR: 77%)
The orc is outlined in light.
The orc hits you but does no damage.
You hit the orc but do no damage.
The orc is severely wounded.
The orc hits you with a falchion.
You hit the orc but do no damage.
The orc is severely wounded.
The orc hits you with a falchion!
You die...

###
*********#######@#######******
,,,,,,,,,......o).......,,,,,*
,********#######.#######****,* ,*
*,,,,....r..........,,,*,* ,*
*,***###.###.#######**,*,* ,* *,*
#...........# *,*,*
*****,*****###.......#.###.#.****
,,,,,,,,,,...........).......,,,,
*****,****####.###.#(#.###.#.****


You could see an orc.

Vanquished Creatures
  The ghost of Banto the Poker, an amateur DsGl (D:3)
  An orc priest (D:3)
  Jessica (D:2)
  3 adders (D:2)
  An ooze (D:3)
  3 worms (D:2)
  A dart slug (D:1)
  7 leopard geckos
  2 orcs (D:3)
  3 ball pythons
  7 bats
  2 giant cockroaches
  9 goblins
  7 hobgoblins
  6 jackals
  5 frilled lizards
  5 kobolds
  11 rats
75 creatures vanquished.

Notes
Turn   | Place    | Note
-------+----------+-------------------------------------------
     0 | D:1      | Anemos the Spriggan Enchanter began the quest for the Orb.
     0 | D:1      | Reached XP level 1. HP: 9/9 MP: 5/5
   556 | D:1      | Reached XP level 2. HP: 13/13 MP: 5/7
   579 | D:1      | Reached skill level 4 in Hexes
   583 | D:1      | Learned a level 2 spell: Ensorcelled Hibernation
  1239 | D:1      | Reached XP level 3. HP: 16/16 MP: 6/9
  1244 | D:1      | Learned a level 3 spell: Confuse
  1248 | D:1      | Learned a level 3 spell: Tukima's Dance
  1922 | D:2      | Noticed Jessica
  1928 | D:2      | Killed Jessica
  1928 | D:2      | Reached XP level 4. HP: 21/21 MP: 11/11
  2014 | D:2      | Reached skill level 5 in Hexes
  2442 | D:2      | Found a faded altar of an unknown god.
  3358 | D:3      | Found a deep blue altar of Sif Muna.
  3572 | D:3      | Noticed Banto's ghost (amateur DsGl)
  3709 | D:3      | Found a burning altar of Makhleb.
  3791 | D:3      | Found an ornate altar of the Wu Jian Council.
  3840 | D:3      | Reached XP level 5. HP: 22/24 MP: 13/13
  3927 | D:3      | Killed Banto's ghost
  3927 | D:3      | Reached skill level 5 in Spellcasting
  3927 | D:3      | Reached skill level 6 in Hexes
  4180 | D:3      | Reached skill level 5 in Stealth
  4496 | D:3      | Slain by an orc

Vault maps used:
D:1:      minmay_arrival_plants_in_alcoves, minivault_4
D:2:      chequers_ecumenical_altar_simple, first_bread, uniq_jessica
D:3:      overflow_temple_1_default, lemuel_crystal_altar, bloody_makhleb

Skill      XL: |  1  2  3  4  5 |
---------------+----------------+-----
Spellcasting   | 3 4 5 |  5.4
Hexes          | 4 5 6 |  6.0
Stealth        | 5 |  5.3
Short Blades   | |  1.1
Dodging        | |  3.0

Action                   |  1- 3 |  4- 6 || total
-------------------------+-------+-------++-------
Melee: Dagger            |   137 |   124 ||   261
 Cast: Corona            |    17 |     3 ||    20
       Ensorcelled Hiber |    14 |    38 ||    52
       Confuse           |       |    10 ||    10
  Use: Scroll            |       |    10 ||    10
 Stab: Sleeping          |    13 |    25 ||    38
       Distracted        |     1 |       ||     1
       Confused          |       |     6 ||     6
  Eat: Fruit             |       |     4 ||     4
       Royal jelly       |       |     1 ||     1
Armor: Robe              |    12 |    26 ||    38
Dodge: Dodged            |   119 |    96 ||   215

Table legend:
 A = Spawn XP
 B = Non-spawn XP
 C = Spawn XP percentage of total XP
 D = Spawn monster count
 E = Non-spawn monster count
 F = Spawn count percentage of total count
 G = Total turns spent on level
                    A         B        C        D         E        F      G
               +---------+---------+-------+---------+---------+-------+---------
         Total |      31 |     338 |   8.4 |      16 |      59 |  21.3 |  4496
               +---------+---------+-------+---------+---------+-------+---------
           D:1 |      18 |      44 |  29.0 |      10 |      24 |  29.4 |  1918
           D:2 |       7 |     114 |   5.8 |       4 |      20 |  16.7 |  1699
           D:3 |       6 |     180 |   3.2 |       2 |      15 |  11.8 |   879
               +---------+---------+-------+---------+---------+-------+---------
